 Dungeon Crawl Stone Soup version 0.21-a0-417-g0adc95b (console) character file.

2341 swinepaste the Grappler (level 9, -9/80 HPs)
             Began as a Troll Monk on Nov 3, 2017.
             Was an Elder of Wu Jian.
             Mangled by a red ugly thing (17 damage)
             ... on level 7 of the Dungeon.
             The game lasted 00:25:08 (5138 turns).

swinepaste the Grappler (Troll Monk)                Turns: 5138, Time: 00:25:10

Health: -9/80      AC:  6    Str: 21    XL:     9   Next: 20%
Magic:  8/8        EV: 10    Int:  6    God:    Wu Jian [****..]
Gold:   381        SH: 10    Dex: 15    Spells: 8/8 levels left

rFire    . . .     SeeInvis .     - Unarmed
rCold    . . .     Gourm    +   l - +0 shield
rNeg     . . .     Faith    .   a - +0 robe
rPois    .         Spirit   .   (helmet restricted)
rElec    .         Reflect  .   H - +0 cloak
rCorr    .         Harm     .   (gloves unavailable)
MR       .....                  (boots unavailable)
Stlth    ++........             (no amulet)
HPRegen  0.63/turn              (no ring)
MPRegen  0.11/turn              (no ring)

@: lethally poisoned (-9 -> -9)
A: unfitting armour, claws 3, fast metabolism 3, gourmand, regeneration 1,
shaggy fur 1, tough skin 2
a: Serpent's Lash, Renounce Religion


You were on level 7 of the Dungeon.
You worshipped Wu Jian.
Wu Jian was greatly pleased with you.
You were very full.

You visited 1 branch of the dungeon, and saw 7 of its levels.
You also visited: Sewer.

You collected 381 gold pieces.

Inventory:

Armour
 a - a +0 robe (worn)
 l - a +0 shield (worn)
 H - a +0 cloak (worn)
Jewellery
 u - a +2 ring of protection {unknown}
 E - an uncursed ring of protection from cold {unknown}
Wands
 r - a wand of flame (23/48)
 G - a wand of random effects (9/48)
Scrolls
 d - 5 scrolls of remove curse {unknown}
 f - 2 scrolls of random uselessness {unknown}
 g - 5 scrolls of identify {unknown}
 h - a scroll of fog {unknown}
 j - 5 scrolls of enchant armour {unknown}
 m - 2 scrolls of immolation {unknown}
 o - 3 scrolls of noise {unknown}
 p - 2 scrolls of teleportation {unknown}
 q - 2 scrolls of enchant weapon {unknown}
 v - 2 scrolls of magic mapping {unknown}
 x - 2 scrolls of blinking {unknown}
 y - 2 scrolls of fear {unknown}
Potions
 c - 2 potions of heal wounds {unknown}
 e - a potion of lignification {unknown}
 i - 3 potions of might {unknown}
 k - 2 potions of resistance {unknown}
 n - a potion of magic {unknown}
 t - 5 potions of flight {unknown}
 z - a potion of ambrosia {unknown}
 A - 5 potions of curing {unknown}
 D - a potion of degeneration {unknown}
Books
 w - a book of Misfortune

   Spells                             Type                      Level
   a - Confusing Touch                Hexes                        1
   b - Confuse                        Hexes                        3
   c - Gell's Gravitas                Translocation                3
   d - Petrify                        Transmutation/Earth          4
   e - Metabolic Englaciation         Hexes/Ice                    5
   f - Yara's Violent Unravelling     Hexes/Transmutation          5
Comestibles
 b - 8 bread rations
 s - a fruit
 B - 2 meat rations
 C - 7 chunks of flesh
 F - a royal jelly


   Skills:
 - Level 2.4 Fighting
 - Level 2.4 Dodging
 - Level 1.0 Stealth
 + Level 6.9 Shields
 + Level 9.6 Unarmed Combat


You had 8 spell levels left.
You didn't know any spells.

Dungeon Overview and Level Annotations

Branches:
Dungeon (7/15)
 Temple: D:4-7

Altars:
Dithmenos
Fedhas
Gozag
Kikubaaqudgha
Makhleb
Nemelex Xobeh
Ru
Trog
Wu Jian
Xom
Zin


Innate Abilities, Weirdness & Mutations

You are too large for most types of armour.
You have claws for hands.
Your metabolism is lightning-fast.
You like to eat raw meat.
Your natural rate of healing is unusually fast.
You are covered in fur. (AC +1)
You have very tough skin. (AC +2)


Message History

Your shield prevents you from hitting the killer bee.
The killer bee is almost dead.
You block the killer bee's attack. The killer bee stings you.
You are more poisoned.
The killer bee poisons you!
You barely miss the killer bee.
The killer bee is almost dead.
You feel sick. The killer bee stings you!
You miss the killer bee.
The killer bee is almost dead.
You feel sick. You block the killer bee's attack.
You feel sick.
You lunge at the red ugly thing.
You closely miss the red ugly thing. The red ugly thing tail-slaps you!
You are engulfed in flames!
* * * LOW HITPOINT WARNING * * *
You feel sick.
You feel sick. The red ugly thing tail-slaps you.
* * * LOW HITPOINT WARNING * * *
You are engulfed in flames!
You die...

#.)).##)###Z....
##.#)((y...u....
#.#.Z#.###....=
#.#..#.# #.....
..#u.#.. ...y..
#######..########..
..>.....<# ##
...#########.##
.......Tuy.y.#
##############


You could see a red ugly thing and 2 killer bees.

Vanquished Creatures
  The ghost of waterbugbear the Artisan of Death, a novice FoNe of Kikubaaqudgha (D:6)
  Eustachio (D:6)
  Menkaure (D:6)
  An ice beast (D:5)
  A necrophage (D:5)
  A sky beast (D:5)
  A centaur (D:7)
  2 ogres (D:6)
  The ghost of Sonofthefire the Magician, an amateur GnWz (D:3)
  A big kobold (Sewer)
  3 bullfrogs (D:6)
  A howler monkey (D:4)
  A crimson imp (D:5)
  2 hounds
  Crazy Yiuf (D:6)
  3 orc priests
  4 bullfrog skeletons (D:5)
  3 orc wizards
  3 worker ants
  5 adders
  4 gnolls (D:4)
  A howler monkey skeleton (D:4)
  An ooze (D:2)
  An adder skeleton (D:5)
  A worm (D:2)
  A dart slug (D:1)
  4 leopard geckos
  31 orcs
  A ball python (D:2)
  8 giant cockroaches
  10 goblins
  2 hobgoblins (D:1)
  A jackal (Sewer)
  2 quokkas
  7 bats
  4 frilled lizards
  6 kobolds
  11 rats
133 creatures vanquished.

Notes
Turn   | Place    | Note
-------+----------+-------------------------------------------
     0 | D:1      | swinepaste the Troll Monk began the quest for the Orb.
     0 | D:1      | Reached XP level 1. HP: 22/22 MP: 0/0
   205 | D:1      | Reached XP level 2. HP: 29/29 MP: 1/1
   693 | D:1      | Reached skill level 4 in Unarmed Combat
   861 | D:2      | Reached XP level 3. HP: 34/36 MP: 2/2
   873 | D:2      | Found a blossoming altar of Fedhas.
  1059 | D:2      | Found a shadowy altar of Dithmenos.
  1743 | D:2      | Found a shimmering altar of Xom.
  1882 | D:3      | Found an ornate altar of the Wu Jian Council.
  1882 | D:3      | Noticed Sonofthefire's ghost (amateur GnWz)
  1907 | D:3      | Killed Sonofthefire's ghost
  1907 | D:3      | Reached skill level 1 in Shields
  1907 | D:3      | Reached skill level 5 in Unarmed Combat
  1907 | D:3      | Reached XP level 4. HP: 33/44 MP: 3/3
  1913 | D:3      | Became a worshipper of the Wu Jian Council
  1913 | D:3      | Reached * piety under Wu Jian
  1913 | D:3      | Reached ** piety under Wu Jian
  2091 | D:3      | Reached XP level 5. HP: 30/50 MP: 4/4
  2123 | D:3      | Found an ancient bone altar of Kikubaaqudgha.
  2317 | D:3      | Found a faded altar of an unknown god.
  2406 | D:3      | Found a sparkling altar of Nemelex Xobeh.
  2792 | D:4      | Reached XP level 6. HP: 45/59 MP: 5/5
  2794 | D:4      | Found a bloodstained altar of Trog.
  2823 | D:4      | Reached skill level 6 in Unarmed Combat
  2972 | D:4      | Reached *** piety under Wu Jian
  3329 | D:4      | Reached XP level 7. HP: 66/66 MP: 6/6
  3434 | D:5      | Entered Level 5 of the Dungeon
  3604 | D:5      | Found a sacrificial altar of Ru.
  3679 | D:5      | Reached skill level 7 in Unarmed Combat
  3944 | D:5      | Found a burning altar of Makhleb.
  4175 | D:6      | Reached XP level 8. HP: 74/74 MP: 7/7
  4190 | D:6      | Reached skill level 5 in Shields
  4202 | D:6      | Found an opulent altar of Gozag.
  4203 | D:6      | Found a glowing silver altar of Zin.
  4230 | D:6      | Noticed Eustachio
  4273 | D:6      | Killed Eustachio
  4273 | D:6      | Reached skill level 8 in Unarmed Combat
  4318 | D:6      | Noticed waterbugbear's ghost (novice FoNe)
  4348 | D:6      | Killed waterbugbear's ghost
  4348 | D:6      | Reached skill level 9 in Unarmed Combat
  4461 | D:6      | Reached **** piety under Wu Jian
  4477 | D:6      | Found a glowing drain.
  4481 | Sewer    | Entered a sewer
  4570 | Sewer    | Reached XP level 9. HP: 76/80 MP: 8/8
  4595 | Sewer    | Found a white marble altar of Elyvilon.
  4969 | D:6      | Noticed Menkaure
  4974 | D:6      | Killed Menkaure
  5008 | D:6      | Found a runed door.
  5012 | D:6      | Noticed Crazy Yiuf
  5015 | D:6      | Killed Crazy Yiuf
  5106 | D:7      | Noticed a red ugly thing
  5138 | D:7      | Mangled by a red ugly thing

Vault maps used:
D:1:      lemuel_arrival_funnel
D:2:      lemuel_doored_altar, lemuel_round_altar, first_bread,
          minmay_stone_trees_small, kennysheep_flooded_box,
          minmay_misc_feat_diagonals, grunt_dithmenos_smoke_and_mirrors
D:3:      kiku_gazebo_pond_becter, lemuel_crystal_altar,
          nemelex_xobeh_ov_fountains_minmay,
          chequers_ecumenical_altar_simple_redux, bh_walls_and_bars
D:4:      bloody_trog
D:5:      kennysheep_mini, nicolae_ru_sacrificial_ziggurat,
          roderic_roman_lattice, columned_hall_lemuel,
          kennysheep_generic_room_11
D:6:      grunt_temple_overflow_gold_and_silver, gup_sewer_entry_spiral,
          uniq_crazy_yiuf_cottage, uniq_menkaure, uniq_eustachio
D:7:      nicolae_qazlal_style_of_elements, temple_doors_cd, grunt_ministairs_8
Sewer:    sewer_kobolds

Skill      XL: |  1  2  3  4  5  6  7  8 |
---------------+-------------------------+-----
Unarmed Combat | 4 5 6 7 9 |  9.6
Shields        | 1 2 3 4 6 |  6.9
Fighting       | |  2.4
Dodging        | |  2.4
Stealth        | |  1.0

Action                   |  1- 3 |  4- 6 |  7- 9 || total
-------------------------+-------+-------+-------++-------
Melee: Unarmed           |    92 |   182 |   190 ||   464
       Punch             |     3 |       |       ||     3
Invok: Serpent's Lash    |       |       |     1 ||     1
 Stab: Sleeping          |     4 |       |     3 ||     7
       Distracted        |       |       |     1 ||     1
  Eat: Chunk             |    19 |    16 |    18 ||    53
Armor: Robe              |    20 |    32 |    30 ||    82
Dodge: Dodged            |    31 |    43 |    43 ||   117
Block: Shield            |     7 |    53 |    65 ||   125

Table legend:
 A = Spawn XP
 B = Non-spawn XP
 C = Spawn XP percentage of total XP
 D = Spawn monster count
 E = Non-spawn monster count
 F = Spawn count percentage of total count
 G = Total turns spent on level
                    A         B        C        D         E        F      G
               +---------+---------+-------+---------+---------+-------+---------
         Total |       0 |    3345 |   0.0 |       0 |     133 |   0.0 |  5138
               +---------+---------+-------+---------+---------+-------+---------
           D:1 |       0 |      29 |   0.0 |       0 |      14 |   0.0 |   831
           D:2 |       0 |      47 |   0.0 |       0 |      16 |   0.0 |  1051
           D:3 |       0 |     287 |   0.0 |       0 |      27 |   0.0 |   903
           D:4 |       0 |     381 |   0.0 |       0 |      27 |   0.0 |   649
           D:5 |       0 |     659 |   0.0 |       0 |      15 |   0.0 |   672
           D:6 |       0 |    1702 |   0.0 |       0 |      19 |   0.0 |   795
           D:7 |       0 |     127 |   0.0 |       0 |       5 |   0.0 |    77
         Sewer |       0 |     113 |   0.0 |       0 |      10 |   0.0 |   160
               +---------+---------+-------+---------+---------+-------+---------
